 Dungeon Crawl Stone Soup version 0.20-a0-1061-gbbf974c (webtiles) character file.

39 MrRokkomies the Vexing (level 3, -1/26 HPs)
             Began as a Gnoll Arcane Marksman on Apr 27, 2017.
             Slain by a worm (11 damage)
             ... on level 2 of the Dungeon.
             The game lasted 00:03:13 (1197 turns).

MrRokkomies the Vexing (Gnoll Arcane Marksman)      Turns: 1197, Time: 00:03:14

Health: -1/26      AC:  3    Str: 10    XL:     3   Next: 45%
Magic:  4/5        EV: 13    Int: 13    God:
Gold:   77         SH:  0    Dex: 14    Spells: 4/5 levels left

rFire    . . .     SeeInvis .   m - -1 hand axe (curse)
rCold    . . .     Gourm    .   (no shield)
rNeg     . . .     Faith    .   e - +0 robe
rPois    .         Spirit   .   h - +0 helmet (curse)
rElec    .         Reflect  .   (no cloak)
rCorr    .         Harm     .   (no gloves)
MR       .....                  (no boots)
Stlth    +.........             (no amulet)
Regen    0.1/turn               (no ring)
MPRegen  0.1/turn               (no ring)

@: no status effects
A: short attention span, fangs 1, strong nose
a: no special abilities


You were on level 2 of the Dungeon.
You were not hungry.

You visited 1 branch of the dungeon, and saw 2 of its levels.

You collected 77 gold pieces.

Inventory:

Hand Weapons
 a - a +1 hand crossbow
 b - a +0 spear
 m - a cursed -1 hand axe (weapon)
Missiles
 d - 17 bolts
Armour
 e - a +0 robe (worn)
 h - a cursed +0 helmet (worn)
Scrolls
 n - a scroll of enchant weapon
Potions
 g - 2 potions of heal wounds {unknown}
 i - a potion of curing {unknown}
 j - a potion of flight {unknown}
 k - 2 potions of mutation {unknown}
Books
 c - a book of Debilitation

   Spells                             Type                      Level
   a - Corona                         Hexes                        1
   b - Slow                           Hexes                        2
   c - Inner Flame                    Hexes/Fire                   3
   d - Portal Projectile              Hexes/Translocation          3
   e - Cause Fear                     Hexes                        4
   f - Leda's Liquefaction            Hexes/Earth                  4
Comestibles
 f - 2 bread rations
 l - 2 meat rations


   Skills:
 - Level 1.5 Fighting
 * Level 4.3 Crossbows
 - Level 3.0 Dodging
 - Level 1.7 Spellcasting
 * Level 5.5 Hexes


You had 4 spell levels left.
You knew the following spells:

 Your Spells              Type           Power        Failure   Level  Hunger
a - Corona                Hex            ###....      2%          1    ##.....


Dungeon Overview and Level Annotations

Branches:
Dungeon (2/15)

Altars:
Qazlal


Innate Abilities, Weirdness & Mutations

You have a short attention span.
You have very sharp teeth.
Your uncanny sense of smell can sniff out nearby items.


Message History

You hit the worm but do no damage.
The worm is moderately wounded.
You hit the worm but do no damage.
The worm is moderately wounded.
The worm bites you.
You hit the worm.
The worm is severely wounded.
The worm barely misses you.
Casting: Corona
Confirm with . or Enter, or press ? or * to list all spells.
Aiming: Corona
Press: ? - help, Shift-Dir - straight line, f - worm
Aim: a worm (heavily wounded, chance to defeat MR: 61%)
The worm is outlined in light.
The worm bites you!
You completely miss the worm. You bite the worm, but do no damage.
The worm is heavily wounded.
You hit the worm.
The worm is almost dead.
The worm bites you!
You die...

### #.. # #.# #.##.#
####### ....
#.....#######
#.####............
#.................
#@.####...≈....≈†.
#.Kw....#....≈..≈≈≈≈≈
#.##.......≈≈###≈#≈≈≈
# ##.#.....≈#≈≈≈≈#≈.
.=...#..≈≈≈_>≈#..
.........#≈..≈≈..
....##...≈≈≈≈≈≈..
#.#####.≈.####≈#≈.
#.. ...(..≈≈≈≈..


You could see a worm and a kobold.

Vanquished Creatures
  An ooze (D:2)
  4 leopard geckos
  6 bats
  2 goblins (D:1)
  5 hobgoblins
  A jackal (D:1)
  3 frilled lizards
  2 kobolds
  7 rats
31 creatures vanquished.

Notes
Turn   | Place    | Note
-------+----------+-------------------------------------------
     0 | D:1      | MrRokkomies the Gnoll Arcane Marksman began the quest for the Orb.
     0 | D:1      | Reached XP level 1. HP: 15/15 MP: 3/3
   149 | D:1      | Reached XP level 2. HP: 13/21 MP: 2/4
   347 | D:1      | Reached skill level 5 in Hexes
   817 | D:1      | Reached XP level 3. HP: 16/26 MP: 5/5
  1138 | D:2      | Found a stormy altar of Qazlal.
  1197 | D:2      | Slain by a worm

Vault maps used:
D:1:      minmay_arrival_radiant_lines, serial_bayou_pond_d
D:2:      zin_treasury, chequers_ecumenical_altar_simple_redux,
          nicolae_qazlal_general_emergency

Skill      XL: |  1  2 |
---------------+-------+-----
Hexes          | 5 |  5.5
Crossbows      | 4 |  4.3
Fighting       | |  1.5
Dodging        | |  3.0
Spellcasting   | |  1.7

Action                   || total
-------------------------++-------
Melee: Unarmed           ||    19
       Bite              ||     9
       Spear             ||    54
       Hand axe          ||    55
 Fire: Hand crossbow     ||    14
 Cast: Corona            ||     3
  Use: Scroll            ||     3
 Stab: Sleeping          ||     2
  Eat: Chunk             ||     1
Armor: Robe              ||    30
Dodge: Dodged            ||    92
